 Dungeon Crawl Stone Soup version 0.22-a0-430-g6609fc6 (webtiles) character file.

210 raistware the Magician (level 5, 0/35 HPs)
             Began as a Mummy Wizard on May 26, 2018.
             Slain by an orc priest
             ... wielding a +0 whip
              (7 damage)
             ... on level 2 of the Dungeon.
             The game lasted 00:12:03 (3381 turns).

raistware the Magician (Mummy Wizard)               Turns: 3381, Time: 00:12:04

Health: 0/35       AC:  3    Str: 10    XL:     5   Next: 56%
Magic:  1/12       EV: 12    Int: 18    God:
Gold:   162        SH:  0    Dex: 11    Spells: 3/14 levels left

rFire    x . .     SeeInvis .   c - +0 dagger
rCold    + . .     Gourm    .   (no shield)
rNeg     + + +     Faith    .   a - +0 robe
rPois    ∞         Spirit   .   b - +0 hat
rElec    .         Reflect  .   j - +0 cloak
rCorr    .         Harm     .   (no gloves)
MR       .....     Rnd*Tele +   (no boots)
Stlth    ++........             (no amulet)
HPRegen  0.11/turn              i - ring of teleportation (curse)
MPRegen  0.13/turn              (no ring)

@: no status effects
A: no food or potions, fire vulnerability, cold resistance 1, negative energy
resistance 3, torment resistance, unbreathing
a: no special abilities


You were on level 2 of the Dungeon.
You were not hungry.

You visited 1 branch of the dungeon, and saw 3 of its levels.

You collected 162 gold pieces.

Inventory:

Hand Weapons
 c - a +0 dagger (weapon)
Missiles
 h - a poisoned javelin (quivered)
Armour
 a - a +0 robe (worn)
 b - a +0 hat (worn)
 d - a +0 buckler
 j - a +0 cloak (worn)
Jewellery
 i - a cursed ring of teleportation (left hand)
Scrolls
 e - a scroll of enchant armour {unknown}
 f - 2 scrolls of magic mapping {unknown}
 g - a scroll of enchant weapon {unknown}
 k - 4 scrolls of identify {unknown}
 l - a scroll of remove curse {unknown}


   Skills:
 - Level 2.0 Dodging
 - Level 2.0 Stealth
 - Level 5.0 Spellcasting
 + Level 2.8 Conjurations
 - Level 1.0 Summonings
 - Level 1.0 Translocations
 + Level 1.8 Fire Magic


You had 3 spell levels left.
You knew the following spells:

 Your Spells              Type           Power        Failure   Level  Hunger
a - Magic Dart            Conj           ##..         4%          1    N/A
b - Blink                 Tloc           N/A          13%         2    N/A
c - Call Imp              Summ           #.......     13%         2    N/A
d - Conjure Flame         Conj/Fire      ##......     16%         3    N/A
e - Mephitic Cloud        Conj/Pois/Air  #.......     26%         3    N/A

Your spell library contained the following spells:

 Spells                   Type           Power        Failure   Level  Hunger
 Slow                     Hex            #.......     21%         2    N/A

Dungeon Overview and Level Annotations

Branches:
Dungeon (3/15)

Altars:
Dithmenos
Fedhas
Qazlal

Annotations:
D:3 MisterFreud's ghost, amateur OpTm


Innate Abilities, Weirdness & Mutations

You do not eat or drink.
Your flesh is vulnerable to fire.
You are immune to poison.
Your flesh is cold resistant. (rC+)
You are immune to negative energy. (rN+++)
You are immune to unholy pain and torment.
You can survive without breathing.


Message History

* * * LOW HITPOINT WARNING * * *
You hit the orc priest but do no damage.
The orc priest is almost dead.
The orc priest hits you but does no damage.
Throwing (i - inventory)
h - 3 poisoned javelins (quivered)
Press: ? - help, Shift-Dir - straight line, f/p - orc priest
Aim: an orc priest, wielding a whip and wearing a ring mail (almost dead)
You throw a poisoned javelin.
The poisoned javelin closely misses the orc priest.
The orc priest hits you with a whip.
* * * LOW HITPOINT WARNING * * *
Throwing (i - inventory)
h - 2 poisoned javelins (quivered)
Press: ? - help, Shift-Dir - straight line, f/p - orc priest
Aim: an orc priest, wielding a whip and wearing a ring mail (almost dead)
You throw a poisoned javelin.
The poisoned javelin hits the orc priest but does no damage.
The orc priest is poisoned.
The orc priest is almost dead.
The orc priest hits you with a whip!
You die...

###################
#..........@.....>#
###
#.########o########
.)# #.# #.......#
))# #.# #.......#
))# #.####.......#
)## #............#
)♣ #.........(!.#
♣♣ #............# ♣
#.......##'###


You could see an orc priest.

Vanquished Creatures
  An orc wizard (D:3)
  Crazy Yiuf (D:2)
  2 adders
  A gnoll (D:1)
  2 worms (D:2)
  4 leopard geckos
  5 orcs
  2 giant cockroaches (D:1)
  9 goblins
  9 hobgoblins
  2 quokkas (D:2)
  7 bats
  5 frilled lizards
  11 kobolds
  8 rats
69 creatures vanquished.

Vanquished Creatures (collateral kills)
  An ice beast (D:2)
  A goblin (D:2)
2 creatures vanquished.

Grand Total: 71 creatures vanquished

Notes
Turn   | Place    | Note
-------+----------+-------------------------------------------
     0 | D:1      | raistware the Mummy Wizard began the quest for the Orb.
     0 | D:1      | Reached XP level 1. HP: 13/13 MP: 5/5
    71 | D:1      | Reached skill level 1 in Conjurations
   323 | D:1      | Reached XP level 2. HP: 19/19 MP: 4/7
   327 | D:1      | Learned a level 2 spell: Blink
   330 | D:1      | Learned a level 2 spell: Call Imp
   851 | D:1      | Reached XP level 3. HP: 24/24 MP: 5/8
   856 | D:1      | Learned a level 3 spell: Conjure Flame
   857 | D:1      | Reached skill level 1 in Summonings
  1081 | D:1      | Reached skill level 1 in Translocations
  1246 | D:2      | Found a blossoming altar of Fedhas.
  1331 | D:2      | Found a runed door.
  1387 | D:2      | Noticed Crazy Yiuf
  1406 | D:2      | Killed Crazy Yiuf
  1406 | D:2      | Reached XP level 4. HP: 25/30 MP: 1/10
  1415 | D:2      | Learned a level 3 spell: Mephitic Cloud
  1884 | D:2      | Reached skill level 1 in Fire Magic
  2210 | D:3      | Found a stormy altar of Qazlal.
  2280 | D:3      | Noticed MisterFreud's ghost (amateur OpTm)
  2312 | D:3      | Noticed an ice beast
  2636 | D:2      | Killed an ice beast
  2636 | D:2      | Reached XP level 5. HP: 35/35 MP: 9/12
  2828 | D:3      | Found a shadowy altar of Dithmenos.
  2898 | D:3      | Reached skill level 5 in Spellcasting
  3019 | D:3      | Found a blossoming altar of Fedhas.
  3381 | D:2      | Slain by an orc priest

Vault maps used:
D:1:      lemuel_arrival_cross, minivault_5
D:2:      overflow_temple_1_default, uniq_crazy_yiuf_cottage
D:3:      lemuel_doored_altar, overflow_temple_1_default, fedhas_altar_4

Skill      XL: |  1  2  3  4  5 |
---------------+----------------+-----
Conjurations   | 1 2 |  2.8
Summonings     | 1 |  1.0
Translocations | 1 |  1.0
Dodging        | 2 |  2.0
Stealth        | 2 |  2.0
Fire Magic     | 1 |  1.8
Spellcasting   | 5 |  5.0

Action                   |  1- 3 |  4- 6 || total
-------------------------+-------+-------++-------
Melee: Dagger            |    34 |    63 ||    97
Throw: Javelin           |     2 |     9 ||    11
 Cast: Magic Dart        |    58 |    91 ||   149
       Conjure Flame     |     1 |     6 ||     7
       Call Imp          |       |     4 ||     4
       Blink             |       |     3 ||     3
       Mephitic Cloud    |       |     5 ||     5
 Stab: Sleeping          |     2 |       ||     2
       Confused          |       |     3 ||     3
Armor: Robe              |    12 |    20 ||    32
Dodge: Dodged            |    40 |    59 ||    99

Table legend:
 A = Spawn XP
 B = Non-spawn XP
 C = Spawn XP percentage of total XP
 D = Spawn monster count
 E = Non-spawn monster count
 F = Spawn count percentage of total count
 G = Total turns spent on level
                    A         B        C        D         E        F      G
               +---------+---------+-------+---------+---------+-------+---------
         Total |       0 |     300 |   0.0 |       0 |      71 |   0.0 |  3381
               +---------+---------+-------+---------+---------+-------+---------
           D:1 |       0 |      48 |   0.0 |       0 |      23 |   0.0 |  1214
           D:2 |       0 |     166 |   0.0 |       0 |      31 |   0.0 |  1510
           D:3 |       0 |      86 |   0.0 |       0 |      17 |   0.0 |   657
               +---------+---------+-------+---------+---------+-------+---------
